 Dungeon Crawl Stone Soup version 0.26-a0-812-g31a745ddcd (webtiles) character file.

Game seed: 3126165710015319395

23 Arthanis the Skirmisher (level 2, 0/19 HPs)
             Began as a Gargoyle Berserker on Nov 15, 2020.
             Was a Follower of Trog.
             Slain by a worker ant (1 damage)
             ... on level 2 of the Dungeon.
             The game lasted 00:00:27 (133 turns).

Arthanis the Skirmisher (Gargoyle Berserker)         Turns: 133, Time: 00:00:27

Health: 0/19       AC:  5    Str: 20    XL:     2   Next: 95%
Magic:  2/2        EV: 12    Int:  7    God:    Trog [*.....]
Gold:   14         SH:  0    Dex:  9    Spells: 1/1 levels left

rFire    . . .     SeeInvis .   a - +0 hand axe
rCold    . . .     Faith    .   (no shield)
rNeg     + . .     Spirit   .   b - +0 animal skin
rPois    ∞         Reflect  .   (no helmet)
rElec    +         Harm     .   (no cloak)
rCorr    .         Rampage  .   (no gloves)
MR       .....                  (no boots)
Stlth    +.........             (no amulet)
HPRegen  0.06/turn              (no ring)
MPRegen  0.08/turn              (no ring)

@: no status effects
A: negative energy resistance 1, electricity resistance, unbreathing,
petrification resistance, rot immunity, AC +2
a: Berserk, Renounce Religion


You were on level 2 of the Dungeon.
You worshipped Trog.
Trog was aware of your devotion.
You visited 1 branch of the dungeon, and saw 2 of its levels.

You collected 14 gold pieces.

Inventory:

Hand Weapons
 a - a +0 hand axe (weapon)
Armour
 b - a +0 animal skin (worn)
Scrolls
 c - a scroll of remove curse {unknown}
 d - a scroll of noise {unknown}


   Skills:
 + Level 3.5 Fighting
 * Level 3.1 Axes
 + Level 2.5 Armour
 + Level 1.8 Dodging


You had one spell level left.
You didn't know any spells.
Your spell library was empty.

Dungeon Overview and Level Annotations

Branches:
Dungeon (1/15)

Altars:


Innate Abilities, Weirdness & Mutations

You are resistant to torment.
Your stone body is resilient. (AC +2)
You are immune to poison.
You resist negative energy. (rN+)
You are resistant to electric shocks. (rElec)
You can survive without breathing.
You are immune to petrification.
You are immune to rotting.


Message History

You are too injured to fight recklessly!
You are too injured to fight recklessly!
You are too injured to fight recklessly!
You are too injured to fight recklessly!
You are too injured to fight recklessly!
You are too injured to fight recklessly!
You are too injured to fight recklessly!
You are too injured to fight recklessly!
You are too injured to fight recklessly!
You are too injured to fight recklessly!
There are monsters nearby!
You hit the worker ant.
The worker ant is almost dead.
The worker ant bites you.
You hit the worker ant.
The worker ant is almost dead.
The worker ant bites you.
* * * LOW HITPOINT WARNING * * *
The worker ant bites you.
You die...

## ... .... .....
......###### #rB@...#
######.### #...## ##
###..#
.#####################.#
.........##............#
#....###........♣♣♣♣♣♣.#
####..)#....♣♣♣.♣ #..#
###.).....♣♣♣♣ ##..#


You could see a worker ant and a quokka.

Vanquished Creatures
  An adder (D:2)
  A worm (D:2)
  A giant cockroach (D:2)
  A goblin (D:2)
  2 hobgoblins (D:2)
  A ball python (D:2)
  A ball python skeleton (D:2)
  2 kobolds (D:2)
  2 rats (D:2)
12 creatures vanquished.

Notes
Turn   | Place    | Note
-------+----------+-------------------------------------------
     0 | D:1      | Arthanis the Gargoyle Berserker began the quest for the
                  | Orb.
     0 | D:1      | Reached XP level 1. HP: 14/14 MP: 1/1
    28 | D:1      | You fall into a shaft and drop 1 floor!
    39 | D:2      | Reached XP level 2. HP: 19/19 MP: 2/2
   133 | D:2      | Slain by a worker ant

Illustrated notes

Levels and vault maps discovered:
D:1:      nzn_arrival_depleted_hourglass, layout_basic
D:2:      wander_river, layout_rooms, chequers_ecumenical_altar_grove

Skill      XL: |  1  2 |
---------------+-------+-----
Axes           | 3 |  3.1
Fighting       | |  3.5
Armour         | |  2.5
Dodging        | |  1.8

Action                   || total
-------------------------++-------
Melee: Hand axe          ||    20
Invok: Berserk           ||     1
Armor: Animal skin       ||     6
Dodge: Dodged            ||    14

Table legend: (Time is in decaauts)
 A = Elapsed time spent in this place.
 B = Non-inter-level travel time spent in this place.
 C = Inter-level travel time spent in this place.
 D = Time resting spent in this place.
 E = Time spent auto-exploring this place.
 F = Levels seen in this place.
 G = Mean time per level.
                   A        B        C        D        E       F      G
               +--------+--------+--------+--------+--------+-----+--------+
         Total |    141 |    141 |      0 |      0 |    101 |   2 |   70.5 |
       Dungeon |    141 |    141 |      0 |      0 |    101 |   2 |   70.5 |
               +--------+--------+--------+--------+--------+-----+--------+

Top non-repeatable levels by time:
     D:2: 113 daAuts
     D:1: 28 daAuts
